 Dungeon Crawl Stone Soup version 0.30-a0-373-gd37427bb62 (webtiles) character file.

Game seed: 8439769385331554610

173 Shayle the Conjurer (level 5, -3/30 (40) HPs)
             Began as a Demonspawn Reaver on Nov 24, 2022.
             Slain by a kobold brigand
             ... wielding a +2 whip of draining
              (6 damage)
             ... in a sewer.
             The game lasted 00:06:49 (2469 turns).

Shayle the Conjurer (Demonspawn Reaver)             Turns: 2469, Time: 00:06:50

HP:   -3/30 (40)    AC:  4    Str: 12    XL:     5   Next: 28%
MP:   8/8           EV: 11    Int: 16    God:
Gold: 50            SH:  5    Dex: 12    Spells: 2/8 levels left

rFire   . . .      SeeInvis .    d - +3 short sword (speed)
rCold   . . .      Faith    .    (no shield)
rNeg    . . .      Spirit   .    b - +0 leather armour
rPois   .          Reflect  +    (helmet restricted)
rElec   .          Harm     .    (no cloak)
rCorr   .          Rampage  .    (no gloves)
Will    .....                    (no boots)
Stlth   +.........               i - amulet of reflection
HPRegen 0.25/turn                (no ring)
MPRegen 0.11/turn                (no ring)

@: very heavily drained, very slow
A: antennae 2, rugged brown scales 1
a: no special abilities


You were in a sewer.
You visited 1 branch of the dungeon, and saw 3 of its levels.
You also visited: Sewer.

You collected 50 gold pieces.

Inventory:

Hand Weapons
 a - a +0 hand axe
 d - a +3 short sword of speed (weapon)
Missiles
 f - 4 curare-tipped darts
Armour
 b - a +0 leather armour (worn)
Jewellery
 i - an amulet of reflection (around neck)
Scrolls
 c - a scroll of silence
 e - 2 scrolls of enchant armour {unknown}
 g - a scroll of magic mapping {unknown}
 j - a scroll of amnesia {unknown}
 k - a scroll of noise {unknown}
 l - a scroll of fear {unknown}
 m - a scroll of poison {unknown}
 n - a scroll of teleportation {unknown}
 o - a scroll of summoning {unknown}
 q - a scroll of identify
Potions
 h - 2 potions of haste


   Skills:
 + Level 2.7 Fighting
 + Level 3.3 Axes
 + Level 1.6 Armour
 - Level 1.7 Dodging
 + Level 2.1 Stealth
 - Level 2.0 Spellcasting
 + Level 3.5 Conjurations
 + Level 1.4 Ice Magic


You had 2 spell levels left.
You knew the following spells:

 Your Spells              Type           Power      Damage    Failure   Level
a - Kiss of Death         Conj/Necr      28%        2d7       13%         1
b - Blink                 Tloc           2%         N/A       36%         2
c - Hailstorm             Conj/Ice       9%         3d4       28%         3

Your spell library contained the following spells:

 Spells                   Type           Power      Damage    Failure   Level
 Momentum Strike          Conj/Tloc      14%        3d8       19%         2
 Frozen Ramparts          Ice            12%        1d2       41%         3
 Confusing Touch          Hex            1%         N/A       61%         3
 Lesser Beckoning         Tloc           2%         N/A       61%         3
 Ice Form                 Ice/Tmut       3%         N/A       89%         4
 Summon Ice Beast         Ice/Summ       3%         N/A       89%         4
 Dispel Undead            Necr           1%         3d6       95%         4


Dungeon Overview and Level Annotations

Branches:
Dungeon (3/15)              Sewer (1/1)

Altars:
Trog


Innate Abilities, Weirdness & Mutations

You have a pair of antennae on your head.
You are partially covered in rugged brown scales. (AC +1, +3% HP)


Message History

The kobold brigand is lightly wounded.
The kobold brigand hits you with a +2 whip of draining!
* * * LOW HITPOINT WARNING * * *
You feel drained.
Okay, then.
Okay, then.
Cast which spell? (? or * to list)
The spell is quite dangerous to miscast (36% risk of failure)!
Continue anyway?
Okay, then.
Your unstable footing causes you to fumble your attack.
You hit the kobold brigand but do no damage.
The kobold brigand is lightly wounded.
The kobold brigand completely misses you.
You miss the kobold brigand.
The kobold brigand is lightly wounded.
The kobold brigand hits you with a +2 whip of draining!
* * * LOW HITPOINT WARNING * * *
You feel drained.
* * * LOW HITPOINT WARNING * * *
You closely miss the kobold brigand.
The kobold brigand is lightly wounded.
Your unstable footing causes you to fumble your attack.
The kobold brigand splashes around in the water.
You hit the kobold brigand.
The kobold brigand is lightly wounded.
The kobold brigand splashes around in the water.
You closely miss the kobold brigand.
The kobold brigand is lightly wounded.
You completely miss the kobold brigand.
The kobold brigand is lightly wounded.
The kobold brigand splashes around in the water.
You miss the kobold brigand.
The kobold brigand is lightly wounded.
The kobold brigand hits you but does no damage.
You feel drained.
You hit the kobold brigand but do no damage.
The kobold brigand is lightly wounded.
Your unstable footing causes you to fumble your attack.
The kobold brigand hits you with a +2 whip of draining.
You die...

##. #....~.....###.##
#...#..~~~~~~..~.....
...#~~≈≈≈~~~~~~~~~~~
K...~≈≈≈≈≈≈≈≈≈≈≈≈≈≈ {
#.~≈≈≈~~~~~~~≈~~~
{{#~~K~~~~.~~~.~...
#.~~..).~K.#
#########K## #@# #~#
#~# #~# #~# #~# #~#
#~# #~#


You could see a kobold brigand and a kobold.

Vanquished Creatures
  A hound (D:3)
  4 adders
  4 gnolls (D:3)
  2 river rats (Sewer)
  A worm (D:2)
  2 dart slugs (D:1)
  4 endoplasms
  2 giant cockroaches (D:1)
  7 goblins
  3 hobgoblins
  2 jackals (D:2)
  A quokka (D:1)
  5 ball pythons
  3 bats
  2 frilled lizards (D:1)
  6 kobolds
  6 rats
55 creatures vanquished.

Notes
Turn   | Place    | Note
-------+----------+-------------------------------------------
     0 | D:1      | Shayle the Demonspawn Reaver began the quest for the Orb.
     0 | D:1      | Reached XP level 1. HP: 16/16 MP: 3/3
   261 | D:1      | Gained mutation: You are partially covered in rugged brown
                  | scales. (AC +1, +3% HP) [demonic ancestry]
   261 | D:1      | Reached XP level 2. HP: 12/22 MP: 5/5
   372 | D:1      | Reached skill level 1 in Stealth
   581 | D:1      | Learned a level 2 spell: Blink
   874 | D:1      | Gained mutation: You have a pair of small antennae on your
                  | head. [demonic ancestry]
   874 | D:1      | Reached XP level 3. HP: 27/27 MP: 6/6
   995 | D:2      | Reached skill level 1 in Armour
  1063 | D:2      | Found a bloodstained altar of Trog.
  1155 | D:2      | Reached skill level 1 in Ice Magic
  1317 | D:2      | Gained mutation: You have a pair of antennae on your head.
                  | [demonic ancestry]
  1317 | D:2      | Reached XP level 4. HP: 35/35 MP: 7/7
  2105 | D:3      | Reached XP level 5. HP: 23/40 MP: 8/8
  2200 | D:3      | Found a glowing drain.
  2204 | Sewer    | Entered a sewer
  2229 | Sewer    | HP: 2/40 [rat (2)]
  2424 | Sewer    | Learned a level 3 spell: Hailstorm
  2469 | Sewer    | Slain by a kobold brigand

Illustrated notes

Levels and vault maps discovered:
D:1:      zaba_arrival_water, layout_loops_ring
D:2:      layout_basic, basic_altar
D:3:      minmay_general_purpose_star, layout_basic,
          mainiacjoe_overflow_catwalk_spiral, general_overflow_altar,
          portal_sewer_entry_e, ebering_ghost_disaster_area, uniq_sigmund
Sewer:    sewer_kobolds

Skill      XL: |  1  2  3  4  5 |
---------------+----------------+-----
Stealth        | 1 2 |  2.1
Axes           | 3 |  3.3
Armour         | 1 |  1.6
Ice Magic      | 1 |  1.4
Fighting       | |  2.7
Dodging        | |  1.7
Spellcasting   | |  2.0
Conjurations   | |  3.5

Action                   |  1- 3 |  4- 6 || total
-------------------------+-------+-------++-------
Melee: Hand axe          |    13 |       ||    13
       Short sword       |   109 |   103 ||   212
       Punch             |       |     2 ||     2
  Use: Scroll            |     4 |       ||     4
       Potion            |       |     4 ||     4
 Stab: Sleeping          |     5 |       ||     5
Armor: Leather armour    |    27 |    13 ||    40
Dodge: Dodged            |    46 |    27 ||    73
Block: Other             |    14 |    10 ||    24

Table legend: (Time is in decaauts)
 A = Elapsed time spent in this place.
 B = Non-inter-level travel time spent in this place.
 C = Inter-level travel time spent in this place.
 D = Time resting spent in this place.
 E = Time spent auto-exploring this place.
 F = Levels seen in this place.
 G = Mean time per level.
                   A        B        C        D        E       F      G
               +--------+--------+--------+--------+--------+-----+--------+
         Total |   2427 |   2370 |     57 |    316 |   1423 |   4 |  606.8 |
       Dungeon |   2158 |   2101 |     57 |    180 |   1387 |   3 |  719.3 |
         Sewer |    269 |    269 |      0 |    136 |     35 |   1 |  269.0 |
               +--------+--------+--------+--------+--------+-----+--------+

Top non-repeatable levels by time:
     D:1: 921 daAuts
     D:2: 805 daAuts
     D:3: 431 daAuts
   Sewer: 269 daAuts
